 Dungeon Crawl Stone Soup version 0.19.1-1-g22dce08 (webtiles) character file.

92 ponk the Sneak (level 4, -6/27 HPs)
             Began as an Octopode Earth Elementalist on Jan 9, 2017.
             Mangled by Sigmund
             ... wielding a +1 scythe of protection
              (12 damage)
             ... on level 3 of the Dungeon.
             The game lasted 00:10:59 (2521 turns).

ponk the Sneak (Octopode Earth Elementalist)        Turns: 2521, Time: 00:11:00

Health: -6/27      AC:  1    Str:  7    XL:     4   Next: 60%
Magic:  2/8        EV: 13    Int: 18    God:
Gold:   149        SH:  0    Dex: 12    Spells: 2 memorised, 5 levels left

rFire  . . .     SeeInvis .     e - +5 short sword (holy)
rCold  . . .     Gourm    .     (no shield)
rNeg   . . .     Faith    .     (helmet restricted)
rPois  .         Spirit   .     (no amulet)
rElec  .         Reflect  .     j - ring of flight
rCorr  .         Harm     .     (no ring)
MR     .....                    (no ring)
Stlth  ++........               (no ring)
                                (no ring)
                                (no ring)
                                (no ring)
                                (no ring)

@: confused
A: almost no armour, stealthy swim, amphibious, 8 rings, constrict 8, camouflage
1, gelatinous body 1
a: Evoke Flight


You were on level 3 of the Dungeon.
You were not hungry.

You visited 1 branch of the dungeon, and saw 3 of its levels.

You collected 149 gold pieces.

Inventory:

Hand Weapons
 e - a +5 short sword of holy wrath (weapon)
 m - a +1 whip of venom
Missiles
 b - 81 stones (quivered)
Jewellery
 j - a ring of flight (left tentacle)
Scrolls
 i - 2 scrolls of recharging
 l - a scroll of teleportation
 n - a scroll of remove curse
 p - a scroll of identify
 q - a scroll of fear
 s - 2 scrolls of blinking
Potions
 a - 2 potions of agility
 g - 3 potions of curing {unknown}
 o - a potion of heal wounds {unknown}
Books
 d - a book of Geomancy

   Spells                             Type                      Level
   a - Sandblast                      Earth                        1
   b - Passwall                       Transmutation/Earth          2
   c - Stone Arrow                    Conjuration/Earth            3
   d - Petrify                        Transmutation/Earth          4
   e - Lee's Rapid Deconstruction     Earth                        5
Comestibles
 c - 2 bread rations
 h - 4 fruits
 k - 2 meat rations


   Skills:
 + Level 0.2 Fighting
 + Level 2.2 Dodging
 + Level 3.8 Stealth
 + Level 0.2 Unarmed Combat
 + Level 3.2 Spellcasting
   Level 1.0 Transmutations
 + Level 3.6 Earth Magic


You had 5 spell levels left.
You knew the following spells:

 Your Spells              Type           Power        Failure   Level  Hunger
a - Sandblast             Erth           ###...       4%          1    None
b - Stone Arrow           Conj/Erth      #.....       24%         3    ###....


Dungeon Overview and Level Annotations

Branches:
Dungeon (3/15)

Altars:

Annotations:
D:3 Sigmund


Innate Abilities, Weirdness & Mutations

You cannot wear most types of armour.
You are very stealthy in the water. (Stealth+)
You are amphibious.
You can wear up to eight rings at the same time.
You can use your tentacles to constrict eight enemies at once.
Your skin changes colour to match your surroundings (Stealth+).
Your rubbery body absorbs attacks. (AC +1, EV +1)


Message History

Sigmund is lightly wounded.
Sigmund barely misses you.
Casting: Stone Arrow
Confirm with . or Enter, or press ? or * to list all spells.
Aiming: Stone Arrow
Press: ? - help, Shift-Dir - straight line, f/p - Sigmund
Aim: Sigmund, wielding a scythe of protection and wearing a robe (lightly wounded)
The stone arrow hits Sigmund.
Sigmund is heavily wounded.
Sigmund points at you and mumbles some strange words.
You are confused.
You're too confused to cast spells.
Sigmund hits you with a scythe of protection!
Unknown command.
You're too confused to cast spells.
Sigmund hits you with a scythe of protection!
* * * LOW HITPOINT WARNING * * *
You're too confused to move!
Sigmund hits you with a scythe of protection!
You die...

....#.#..#....##.##.#
#..)....#........#
##.#..###.....##.###
#.#.......##......#
#.......####.##.##.#.###
###...### #......=....#
#.... ####.##.####.#.#
#.... #............#.#
#.### #....@..######.#
... #...@...# .# ##
#.......# .# #.......#
.# #.......# .#
#.......# #########


You could see Sigmund.

Vanquished Creatures
  An orc priest (D:3)
  3 adders (D:2)
  2 worms (D:2)
  A dart slug (D:1)
  A leopard gecko (D:2)
  2 orcs (D:3)
  2 ball pythons
  3 bats (D:2)
  2 goblins
  2 hobgoblins
  3 kobolds (D:2)
  A quokka (D:3)
  A frilled lizard (D:2)
  5 rats
29 creatures vanquished.

Notes
Turn   | Place    | Note
-------+----------+-------------------------------------------
     0 | D:1      | ponk the Octopode Earth Elementalist began the quest for the Orb.
     0 | D:1      | Reached XP level 1. HP: 11/11 MP: 3/3
   172 | D:1      | Reached XP level 2. HP: 11/17 MP: 0/5
   763 | D:2      | Reached XP level 3. HP: 8/21 MP: 1/6
  1630 | D:2      | Learned a level 3 spell: Stone Arrow
  2115 | D:3      | Reached XP level 4. HP: 27/27 MP: 1/8
  2465 | D:3      | Noticed Sigmund
  2521 | D:3      | Mangled by Sigmund

Skill      XL: |  1  2  3  4 |
---------------+-------------+-----
Stealth        | 3 |  3.8
Spellcasting   | 3 |  3.2
Fighting       | |  0.2
Dodging        | |  2.2
Unarmed Combat | |  0.2
Transmutations | |  1.0
Earth Magic    | |  3.6

Action                   |  1- 3 |  4- 6 || total
-------------------------+-------+-------++-------
Melee: Unarmed           |    11 |       ||    11
       Constrict         |     7 |     2 ||     9
       Tentacles         |     3 |     1 ||     4
       Short sword       |     4 |     7 ||    11
 Cast: Sandblast         |    42 |       ||    42
       Stone Arrow       |     6 |     5 ||    11
  Use: Scroll            |    10 |     1 ||    11
  Eat: Chunk             |     4 |     1 ||     5
       Bread ration      |       |     1 ||     1
Armor: Skin              |     1 |       ||     1
Dodge: Dodged            |    22 |     4 ||    26
